[Event "*** Titled Tuesday Blitz"]
[Site "Chess.com"]
[Date "2018.12.04"]
[Round "4"]
[White "GABUZYAN_CHESSMOOD"]
[Black "LazyIM"]
[Result "1/2-1/2"]
[WhiteElo "2806"]
[BlackElo "2626"]
[TimeControl "180+2"]
[EndTime "13:47:58 PST"]
[Termination "Game drawn by agreement"]

1. Nf3 Nf6 2. g3 b6 3. Bg2 Bb7 4. O-O g6 5. c4 Bg7 6. d4 O-O 7. d5 Ne4 8. Nfd2 Nxd2 9. Qxd2 c6 10. Nc3 cxd5 11. cxd5 d6 12. b3 a6 13. Bb2 b5 14.
Rfc1 Nd7 15. Ne4 Rc8 16. Bxg7 Kxg7 17. Qd4+ Kg8 18. a4 Qb6 19. Qd2 Nc5 20. Nxc5 Rxc5 21. a5 Qc7 22. b4 Rxc1+ 23. Rxc1 Qd7 24. Qe3 Rc8 25. Rxc8+ Bxc8 26. Qb6 Qb7 27. Qd8+ Kg7 28. h4 Bg4 29. e4 Bc8 30. f4 Qd7 31. Qb6 Qb7 32.
Qd4+ f6 33. Qc3 Bd7 34. Kf2 Qc8 35. Qxc8 Bxc8 36. Ke3 Kf7 37. Kd4 Bg4 38. e5 Ke8 39. Be4 Kd8 40. exf6 exf6 41. f5 g5 42. hxg5 fxg5 43.
f6 Ke8 44. Bxh7 Kf7 45. Bd3 Bd7 46. Be4 Kxf6 1/2-1/2

[Event "*** Titled Tuesday Blitz"]
[Site "Chess.com"]
[Date "2018.12.04"]
[Round "4"]
[White "AryanTari"]
[Black "jncool68"]
[Result "0-1"]
[WhiteElo "2777"]
[BlackElo "2647"]
[TimeControl "180+2"]
[EndTime "13:47:59 PST"]
[Termination "jncool68 won by resignation"]

1. e4 e5 2. Nf3 Nc6 3. Bb5 a6 4. Ba4 Nf6 5. O-O Be7 6. d3 d6 7. c3 O-O 8. Nbd2 Kh8 9. Bxc6 bxc6 10. d4 Nd7 11. dxe5 Nxe5 12. Nxe5 dxe5 13. Qe2 Be6 14. Nc4 f6 15. Be3 a5 16. Rad1 Qc8 17. f4 exf4 18. Bxf4 a4 19. b3 axb3 20. axb3 Rb8 21. Na5 Bxb3 22. Nxb3 Rxb3 23. Qc4 Rb2 24. Qxc6 Qg4 25. e5 Bc5+ 26. Kh1 fxe5 27. Bxe5 Rbf2 28. Rg1 Qxd1 0-1

[Event "*** Titled Tuesday Blitz"]
[Site "Chess.com"]
[Date "2018.12.04"]
[Round "4"]
[White "ENEASZ"]
[Black "Rakhmanov_Aleksandr"]
[Result "0-1"]
[WhiteElo "2600"]
[BlackElo "2795"]
[TimeControl "180+2"]
[EndTime "13:48:12 PST"]
[Termination "Rakhmanov_Aleksandr won by resignation"]

1. e4 d5 2. exd5 Qxd5 3. Nc3 Qd8 4. d4 g6 5. Nf3 Bg7 6. h3 Nh6 7. g4 f5 8. g5 Nf7 9. Bc4 Nc6 10. Be3 Nd6 11.
Bb3 Na5 12. Qe2 b6 13. O-O-O Nxb3+ 14. axb3 a5 15. Ne5 Ba6 16. Qf3 Bb7 17. Qe2 Bxh1 18. Rxh1 Qc8 19. Qf3 Qb7 20. Nc6 a4 21. bxa4 b5 22. a5 Rxa5 23. h4 Ra1+ 24. Nb1 Ne4 25. d5 Qa6 26. Nb4 Qa4 27. c3 Qb3 28. Bf4 Bxc3 29.
Nd3 Bxb2+ 30. Nxb2 Qxf3 0-1

[Event "*** Titled Tuesday Blitz"]
[Site "Chess.com"]
[Date "2018.12.04"]
[Round "4"]
[White "chessking2151"]
[Black "djano"]
[Result "1-0"]
[WhiteElo "2558"]
[BlackElo "2365"]
[TimeControl "180+2"]
[EndTime "13:48:13 PST"]
[Termination "chessking2151 won by resignation"]

1. d4 Nf6 2. Nf3 e6 3. c4 d5 4. e3 Be7 5. Bd3 O-O 6. O-O b6 7. b3 Bb7 8. Bb2 Nbd7 9. Qc2 dxc4 10.
bxc4 c5 11. Ne5 cxd4 12. exd4 Rc8 13. Nc3 Nxe5 14. dxe5 Nd7 15. Bxh7+ Kh8 16. Rad1 Rxc4 17. Qd3 Rg4 18. Be4 Bxe4 19. Nxe4 Qe8 20. Nf6 Bxf6 21. exf6 Nxf6 22. Bxf6 gxf6 23. Qh3+ 1-0

[Event "*** Titled Tuesday Blitz"]
[Site "Chess.com"]
[Date "2018.12.04"]
[Round "4"]
[White "GMG"]
[Black "sergiochess83"]
[Result "1/2-1/2"]
[WhiteElo "2679"]
[BlackElo "2761"]
[TimeControl "180+2"]
[EndTime "13:48:15 PST"]
[Termination "Game drawn by agreement"]

1. d4 Nf6 2. Bf4 g6 3. Nc3 d5 4.
e3 Bg7 5. h4 O-O 6. h5 c5 7.
hxg6 hxg6 8. dxc5 Qa5 9. Qd2 Qxc5 10.
O-O-O Nc6 11. Bh6 Ne4 12. Nxe4 dxe4 13. Bxg7 Kxg7 14. Ne2 Be6 15. Qc3+ Qxc3 16. Nxc3 f5 17. Be2 Rfd8 18. f4 exf3 19. Bxf3 Rab8 20. b3 g5 21. Na4 g4 22. Bxc6 bxc6 23. c4 Rxd1+ 24. Kxd1 Rd8+ 25. Ke2 Bc8 26. Nc5 e5 27. g3 Kg6 28. b4 a6 29. a4 1/2-1/2

[Event "*** Titled Tuesday Blitz"]
[Site "Chess.com"]
[Date "2018.12.04"]
[Round "4"]
[White "SanchezKelvin"]
[Black "Winehouse83"]
[Result "1-0"]
[WhiteElo "2488"]
[BlackElo "2442"]
[TimeControl "180+2"]
[EndTime "13:48:19 PST"]
[Termination "SanchezKelvin won by resignation"]

1. e4 e5 2. Nf3 Nc6 3. d4 exd4 4. Nxd4 Nf6 5. Nxc6 bxc6 6. e5 Qe7 7. Qe2 Nd5 8. c4 Ba6 9. b3 g6 10. Bb2 Bg7 11.
Nd2 O-O 12. O-O-O Rae8 13. Qe4 Nb6 14. f4 d5 15. Qc2 f6 16. h4 fxe5 17. h5 e4 18.
hxg6 hxg6 19. c5 Bxf1 20. cxb6 Bd3 21. Qxc6 Bxb2+ 22. Kxb2 Qd6 23. Qxd6 cxd6 24. bxa7 Re7 25. Rh6 e3 26. Nf3 Be4 27. Rdh1 Rxa7 28. Rh8+ Kf7 29. R1h7+ Ke6 30. Nd4+ Kf6 31. Rxf8+ 1-0

[Event "*** Titled Tuesday Blitz"]
[Site "Chess.com"]
[Date "2018.12.04"]
[Round "4"]
[White "AliKa2810"]
[Black "BvsN"]
[Result "1-0"]
[WhiteElo "2480"]
[BlackElo "2287"]
[TimeControl "180+2"]
[EndTime "13:48:22 PST"]
[Termination "AliKa2810 won by resignation"]

1. e4 c5 2. Nf3 e6 3. d4 cxd4 4. Nxd4 a6 5. Nc3 Qc7 6. Be3 Bb4 7. Qd2 Nf6 8. Bd3 d5 9. f3 e5 10. Nf5 Bxf5 11. exf5 d4 12. O-O-O dxc3 13. Qe2 O-O 14. g4 Qa5 15. Kb1 Nd5 16. Bc4 Nxe3 17. Qxe3 Nc6 18. Rd5 Qc7 19. g5 Nd4 20. Bd3 Rfe8 21. g6 hxg6 22.
fxg6 f5 23. Qg5 Ne6 24. Qh4 Bc5 25. Qh7+ Kf8 26. Bxf5 Ke7 27. Qh4+ Kf8 28. Bxe6 Rxe6 29. Qh8+ Ke7 30. Qxg7+ Ke8 31. Qxc7 1-0

[Event "*** Titled Tuesday Blitz"]
[Site "Chess.com"]
[Date "2018.12.04"]
[Round "4"]
[White "vovachesss"]
[Black "Hydrargyrum_Girl"]
[Result "0-1"]
[WhiteElo "2494"]
[BlackElo "2535"]
[TimeControl "180+2"]
[EndTime "13:48:32 PST"]
[Termination "Hydrargyrum_Girl won by resignation"]

1. d4 g6 2. Nf3 Bg7 3. e4 d6 4.
Nc3 Nf6 5. Bc4 O-O 6. Qe2 Nc6 7. e5 dxe5 8. dxe5 Ng4 9. e6 fxe6 10. Bxe6+ Kh8 11. O-O Qd6 12. Bxc8 Raxc8 13. Nb5 Qd5 14.
h3 Nge5 15. Nxe5 Nxe5 16. Nxa7 Rcd8 17. Nb5 Rd7 18. Nc3 Qc6 19. Ne4 Nc4 20. c3 Rd5 21. Nd2 Ne5 22. Qe4 Nd3 23. Nb3 Nxf2 24. Qe2 Nxh3+ 25.
gxh3 Rxf1+ 26. Qxf1 Rf5 27. Qg2 Qb6+ 28. Nd4 Bxd4+ 29. cxd4 Qxd4+ 30. Kh1 Rf2 31. Qg3 Qd1+ 32. Qg1 Qf3+ 0-1

[Event "*** Titled Tuesday Blitz"]
[Site "Chess.com"]
[Date "2018.12.04"]
[Round "4"]
[White "cherryandmint"]
[Black "Jbd735"]
[Result "0-1"]
[WhiteElo "2703"]
[BlackElo "2522"]
[TimeControl "180+2"]
[EndTime "13:48:32 PST"]
[Termination "Jbd735 won by resignation"]

1. e4 e5 2. Nf3 Nc6 3. Bc4 Bc5 4. c3 Nf6 5. d3 a6 6. O-O h6 7. a4 Ba7 8. Re1 O-O 9. Nbd2 d6 10. Nf1 Re8 11. h3 Be6 12. Bxe6 Rxe6 13. Ng3 d5 14. Qc2 Qd7 15. b4 Rd8 16. Bb2 dxe4 17. dxe4 Qd3 18. Qb3 Red6 19. b5 Na5 20. Qb4 Nc4 21. Rac1 a5 22.
Qb3 Nd2 23. Nxd2 Qxg3 24. b6 Rxb6 0-1

[Event "*** Titled Tuesday Blitz"]
[Site "Chess.com"]
[Date "2018.12.04"]
[Round "4"]
[White "SerGo055"]
[Black "ddtru"]
[Result "1-0"]
[WhiteElo "2455"]
[BlackElo "2321"]
[TimeControl "180+2"]
[EndTime "13:48:39 PST"]
[Termination "SerGo055 won on time"]

1. d4 d5 2. Nf3 Nf6 3. c4 c6 4. Nc3 dxc4 5. a4 Bf5 6. e3 e6 7. Bxc4 Nbd7 8. O-O Bb4 9. Qb3 a5 10. Nh4 Bg4 11. h3 Bh5 12. Na2 Be7 13. Qxb7 Rb8 14. Qxc6 Rc8 15. Qb5 Rb8 16. Qg5 O-O 17. Nc3 h6 18.
Qg3 Ne4 19. Nxe4 Bxh4 20. Qf4 Kh8 21. b3 f5 22. Ng3 Bf7 23. Ba3 Re8 24. Nxf5 exf5 25.
Bxf7 Re4 26. Qxf5 Nf6 27. Rac1 1-0

[Event "*** Titled Tuesday Blitz"]
[Site "Chess.com"]
[Date "2018.12.04"]
[Round "4"]
[White "Fins0905"]
[Black "joppie2"]
[Result "0-1"]
[WhiteElo "2648"]
[BlackElo "2726"]
[TimeControl "180+2"]
[EndTime "13:48:42 PST"]
[Termination "joppie2 won by checkmate"]

1. d4 Nf6 2. Nf3 d5 3. c4 c6 4. Nc3 dxc4 5. e3 b5 6. a4 b4 7.
Na2 Bb7 8. Bxc4 e6 9. Bd2 a5 10. O-O Nbd7 11. Nc1 c5 12. Nb3 Be7 13. Qe2 O-O 14.
Rfd1 Qb6 15. Be1 Rfd8 16. Rac1 Rac8 17. Bb5 Bd5 18. Nbd2 Qb7 19. Ba6 Qa8 20. Bxc8 Rxc8 21. h3 h6 22. b3 Rc6 23. e4 Nxe4 24. Nxe4 Bxb3 25. Rd2 c4 26. d5 exd5 27. Rxd5 Nb6 28. Re5 Bf8 29. Nd4 Rg6 30. Nxb3 cxb3 31. Qb5 Kh7 32. Qxa5 b2 33. Rb1 Qc6 34. Rxb2 Nc4 35. Qd8 Nxe5 36. Re2 Nf3+ 37. Kf1 Nh2+ 38. Kg1 Qc4 39.
Re3 Qf1+ 40. Kxh2 Qxg2# 0-1

[Event "*** Titled Tuesday Blitz"]
[Site "Chess.com"]
[Date "2018.12.04"]
[Round "4"]
[White "chesstatour"]
[Black "BillForster"]
[Result "1-0"]
[WhiteElo "2094"]
[BlackElo "1720"]
[TimeControl "180+2"]
[EndTime "13:48:44 PST"]
[Termination "chesstatour won by resignation"]

1. c4 c6 2. d4 d5 3. g3 Bf5 4. Bg2 e6 5. Nf3 Nf6 6. O-O Bd6 7. Qb3 Qc8 8. Nc3 h6 9. Bd2 O-O 10. Rac1 dxc4 11. Qxc4 Nbd7 12. Bf4 Bxf4 13. gxf4 Nb6 14.
Qb3 Nfd5 15. e3 Bh7 16. a4 Qc7 17. a5 Nd7 18. Nxd5 exd5 19. Qxd5 Nf6 20. Qe5 Qd7 21. Qc5 Rfe8 22. Ne5 Qf5 23. a6 Rab8 24. axb7 Rxb7 25.
b4 Rc8 26. Nxc6 Qxc5 27. bxc5 Rb2 28. Ne7+ 1-0

[Event "*** Titled Tuesday Blitz"]
[Site "Chess.com"]
[Date "2018.12.04"]
[Round "4"]
[White "chess4life23"]
[Black "731291"]
[Result "0-1"]
[WhiteElo "2394"]
[BlackElo "2590"]
[TimeControl "180+2"]
[EndTime "13:48:44 PST"]
[Termination "731291 won by resignation"]

1. d4 Nf6 2. c4 e6 3. Nf3 b6 4. a3 c5 5. d5 Ba6 6. b3 exd5 7.
cxd5 d6 8. Nc3 g6 9. Bb2 Bg7 10.
g3 O-O 11. Bg2 Re8 12. O-O Ne4 13. Qc2 Nxc3 14. Bxc3 Rxe2 15. Nd2 Rxd2 16. Qxd2 Bxc3 17. Qxc3 Bxf1 18. Bxf1 Nd7 19. Re1 Qf6 20. Qe3 Qd4 21. Qe7 Ne5 22. Bg2 Ng4 23. Qe2 Nf6 24. Qe7 Re8 0-1

[Event "*** Titled Tuesday Blitz"]
[Site "Chess.com"]
[Date "2018.12.04"]
[Round "4"]
[White "maziarbagheri"]
[Black "ruvat"]
[Result "1-0"]
[WhiteElo "2240"]
[BlackElo "2296"]
[TimeControl "180+2"]
[EndTime "13:48:49 PST"]
[Termination "maziarbagheri won by resignation"]

1. d4 d6 2. c4 e5 3. dxe5 dxe5 4. Qxd8+ Kxd8 5. Nc3 Be6 6. e3 Nd7 7. Nf3 f6 8. Be2 c6 9. Bd2 Bb4 10. O-O-O a5 11. a3 Be7 12. Ne4 Kc7 13. Bc3 a4 14.
Rd2 Nh6 15. Rhd1 Nf7 16. Bb4 Bxb4 17. axb4 Nb6 18. Rc2 Rhd8 19. Rxd8 Rxd8 20. Nc5 Bf5 21. Rd2 Rxd2 22. Nxd2 Nd6 23. e4 Bc8 24. Kc2 Nf7 25.
Kc3 Ng5 26. h4 Ne6 27. Nxe6+ Bxe6 28. c5 Nd7 29. Bc4 Bg4 30. f3 Bh5 31. Be6 Nf8 32. Bf5 Bf7 33. g3 g6 34. Bh3 h6 35. Nc4 Bxc4 36. Kxc4 g5 37. Bf5 gxh4 38. gxh4 Kb8 39.
b5 cxb5+ 40. Kxb5 Kc7 41. Kxa4 Kc6 42. Kb4 b6 43. cxb6 Kxb6 44. Kc4 Kc6 45. b4 1-0

[Event "*** Titled Tuesday Blitz"]
[Site "Chess.com"]
[Date "2018.12.04"]
[Round "4"]
[White "Satscho"]
[Black "BIG_Pirate"]
[Result "0-1"]
[WhiteElo "2309"]
[BlackElo "2367"]
[TimeControl "180+2"]
[EndTime "13:48:49 PST"]
[Termination "BIG_Pirate won by resignation"]

1. e4 d5 2. exd5 Qxd5 3. Nc3 Qa5 4. d4 Nf6 5. Nf3 Bg4 6. h3 Bh5 7. g4 Bg6 8. Ne5 e6 9. Bd2 Qb6 10. Bg2 c6 11. Nxg6 hxg6 12. O-O Qxd4 13. Qe2 Bd6 14. Be3 Qe5 15. f4 Qa5 16. Rad1 Bc5 17. g5 Nh5 18. Ne4 Bxe3+ 19. Qxe3 O-O 20. Bf3 Na6 21. Bxh5 gxh5 22. g6 fxg6 23. Ng5 Qc5 24. Rd4 Nc7 25. b4 Qf5 26. Rd7 Nd5 27. Qd4 Qf6 28. Qe4 Nxf4 29. Rxf4 Qxf4 30. Qxe6+ Kh8 31. Nf7+ Kh7 32. Rxb7 Rae8 0-1

[Event "*** Titled Tuesday Blitz"]
[Site "Chess.com"]
[Date "2018.12.04"]
[Round "4"]
[White "BlackBoarder"]
[Black "Naruto-K"]
[Result "0-1"]
[WhiteElo "2500"]
[BlackElo "2452"]
[TimeControl "180+2"]
[EndTime "13:48:51 PST"]
[Termination "Naruto-K won by resignation"]

1. e4 e6 2. d4 d5 3. Bd3 c5 4. exd5 exd5 5. Nf3 Nf6 6. O-O Be7 7. dxc5 Bxc5 8. Re1+ Be6 9. Nbd2 O-O 10. Nb3 Bb6 11.
h3 h6 12. c3 Nc6 13. Be3 Bc7 14. Nbd4 Bd7 15. Qd2 Re8 16. Rad1 Ne4 17. Qc2 Qf6 18.
Bc1 Nd6 19. Bf1 Rac8 20. Nxc6 bxc6 21. Nd4 Bb6 22. Be3 c5 23. Nb3 d4 24. Bc1 Bf5 25. Qd2 Ne4 26. Qf4 dxc3 27. bxc3 Nxc3 28. Rxe8+ Rxe8 29. Rd6 Qg5 30. Qxg5 hxg5 31. Bxg5 Re1 32. Rd2 c4 33. Nc1 Rxc1 34. g3 Bd3 35. Kh2 Rxf1 0-1

[Event "*** Titled Tuesday Blitz"]
[Site "Chess.com"]
[Date "2018.12.04"]
[Round "4"]
[White "armago"]
[Black "Raffael89"]
[Result "1-0"]
[WhiteElo "2037"]
[BlackElo "2123"]
[TimeControl "180+2"]
[EndTime "13:48:52 PST"]
[Termination "armago won by resignation"]

1. d4 d5 2. c4 e6 3. Nc3 Be7 4.
Nf3 Nf6 5. Bf4 c5 6. dxc5 Bxc5 7. cxd5 exd5 8. e3 O-O 9. h3 Re8 10. Be2 Nc6 11. O-O Be6 12. Rc1 Qa5 13. a3 Bf8 14.
Nb5 Ne4 15. Nc7 Bd6 16. Bxd6 Nxd6 17. Nxe8 Rxe8 18. Nd4 Nxd4 19. Qxd4 a6 20. Qb4 Qd8 21. Bf3 Nf5 22. Rfd1 Nh4 23. Qf4 Ng6 24. Qd4 Qg5 25.
Bxd5 Nh4 26. Qf4 Qxf4 27. exf4 Bxd5 28. Rxd5 g6 29. g3 Nf5 30. Rc7 b5 31. Rdd7 Nh6 32. g4 Re2 33. g5 Nf5 34. Rxf7 Rxb2 35. Rfd7 1-0

[Event "*** Titled Tuesday Blitz"]
[Site "Chess.com"]
[Date "2018.12.04"]
[Round "4"]
[White "m3alam"]
[Black "Iyael"]
[Result "0-1"]
[WhiteElo "2171"]
[BlackElo "2126"]
[TimeControl "180+2"]
[EndTime "13:48:53 PST"]
[Termination "Iyael won by resignation"]

1. d4 Nf6 2. Nf3 g6 3. g3 Bg7 4.
Bg2 O-O 5. O-O d6 6. c4 Nbd7 7. Nc3 e5 8. h3 c6 9. e4 Qb6 10. c5 dxc5 11. dxe5 Ne8 12. e6 fxe6 13. Ng5 Nc7 14.
Qd6 Be5 15. Qe7 Bg7 16. Nxe6 Nxe6 17. Qxe6+ Kh8 18. Qb3 Ne5 19. Rd1 c4 20. Qxb6 axb6 21. Be3 b5 22. Bd4 Nd3 23. Bxg7+ Kxg7 24. Rd2 Be6 25.
f4 b4 26. Ne2 Rad8 27. Rad1 h5 28. b3 cxb3 29. axb3 Bxb3 30. Rb1 Bc4 31. Rbd1 Bb3 32.
Rb1 Bc4 33. e5 Nxf4 0-1

[Event "*** Titled Tuesday Blitz"]
[Site "Chess.com"]
[Date "2018.12.04"]
[Round "4"]
[White "Bad_left_hook"]
[Black "KRASAVCHIK2002"]
[Result "0-1"]
[WhiteElo "2499"]
[BlackElo "2374"]
[TimeControl "180+2"]
[EndTime "13:48:55 PST"]
[Termination "KRASAVCHIK2002 won by resignation"]

1. d4 Nf6 2. c4 c5 3. d5 b5 4.
cxb5 a6 5. bxa6 g6 6. Nc3 Bg7 7. e4 O-O 8. Bd3 Qa5 9. a7 Rxa7 10. Bd2 Ra8 11. e5 Ne8 12. f4 Ba6 13. Bxa6 Qxa6 14. Nf3 d6 15. Qe2 Nd7 16. e6 Qxe2+ 17.
Kxe2 fxe6 18. dxe6 Nb6 19. Rhe1 Nc7 20. Kf2 Rf6 21.
Ne4 Rff8 22. Nc3 Nc4 23. Bc1 Rfb8 24. Re2 Rb4 25. a3 Rb3 26. Ra2 Bxc3 27. bxc3 Rxc3 28. a4 Rxc1 0-1

[Event "*** Titled Tuesday Blitz"]
[Site "Chess.com"]
[Date "2018.12.04"]
[Round "4"]
[White "Keaton87"]
[Black "Msb2"]
[Result "0-1"]
[WhiteElo "2523"]
[BlackElo "2741"]
[TimeControl "180+2"]
[EndTime "13:48:59 PST"]
[Termination "Msb2 won by checkmate"]

1. Nf3 d5 2. e3 Nf6 3. c4 e6 4. b3 c5 5. Bb2 Nc6 6. cxd5 exd5 7. d4 cxd4 8. Nxd4 Bb4+ 9. Bc3 Qb6 10. Bxb4 Qxb4+ 11. Qd2 Nxd4 12. exd4 Qe7+ 13. Be2 Ne4 14. Qe3 Qb4+ 15. Nd2 O-O 16. f3 Nf6 17. a3 Qa5 18. b4 Qc7 19. O-O Re8 20. Qd3 Bf5 21. Qxf5 Rxe2 22.
Rac1 Qe7 23. Rc8+ Rxc8 24. Qxc8+ Ne8 25. Qc3 Nd6 26. Rf2 h5 27. Rxe2 Qxe2 28. h3 g6 29. Kh2 Kg7 30. Nb3 Nf5 31. Qc7 Ne3 32. Qe5+ Kh7 33. Kg3 Qxg2+ 34. Kf4 Nc4 35. Qe7 Qh2+ 36.
Kg5 Qg3+ 37. Kf6 Qf4# 0-1

[Event "*** Titled Tuesday Blitz"]
[Site "Chess.com"]
[Date "2018.12.04"]
[Round "4"]
[White "evgenyermolaev"]
[Black "Kawhi_Leonard2"]
[Result "1/2-1/2"]
[WhiteElo "2405"]
[BlackElo "2293"]
[TimeControl "180+2"]
[EndTime "13:49:01 PST"]
[Termination "Game drawn by agreement"]

1. e4 c5 2. Nf3 d6 3. d4 cxd4 4. Nxd4 Nf6 5. Nc3 g6 6. Be3 Bg7 7. f3 Nc6 8. Qd2 O-O 9. O-O-O d5 10. Nxc6 bxc6 11. Bh6 Bxh6 12. Qxh6 Rb8 13. e5 Nd7 14. h4 Nxe5 15. h5 Bf5 16. g4 f6 17. Qe3 Bd7 18.
hxg6 Nxg6 19. Bd3 Rf7 20. Rh6 Rg7 21. Rdh1 Qb6 22. Qe2 Qxb2+ 23. Kd2 d4 24. Bc4+ Kh8 25. Ne4 Qb4+ 26. Kd1 Qb1+ 27. Kd2 Qb4+ 28. Kd1 Nf4 29. Qh2 Qb1+ 30. Kd2 Qb4+ 31. Kd1 Qb1+ 32. Kd2 Qb4+ 1/2-1/2

[Event "*** Titled Tuesday Blitz"]
[Site "Chess.com"]
[Date "2018.12.04"]
[Round "4"]
[White "HanSchut"]
[Black "kirillgenius"]
[Result "1-0"]
[WhiteElo "2327"]
[BlackElo "2151"]
[TimeControl "180+2"]
[EndTime "13:49:01 PST"]
[Termination "HanSchut won on time"]

1. e4 c5 2. Nf3 e6 3. c4 Nc6 4. Nc3 Nf6 5. Be2 a6 6. O-O Qc7 7. d4 cxd4 8. Nxd4 Be7 9. Be3 d6 10. Rc1 Ne5 11. f3 O-O 12. Qd2 b6 13. Rfd1 Bb7 14. Bf1 Rac8 15. Qf2 Rfd8 16. b4 Nxc4 17. Bxc4 Qxc4 18. Nd5 exd5 19. Rxc4 dxc4 20. Nf5 Bf8 21. Bxb6 Rd7 22. Bd4 Ne8 23. Bc3 d5 24. exd5 Bxd5 25. a3 Rcd8 26. Re1 Be6 27. Nd4 Bd5 28. Nf5 Nc7 29.
Qg3 Ne6 30. h4 1-0

[Event "*** Titled Tuesday Blitz"]
[Site "Chess.com"]
[Date "2018.12.04"]
[Round "4"]
[White "zeitnot2006"]
[Black "AsaHoffmann"]
[Result "0-1"]
[WhiteElo "2087"]
[BlackElo "2142"]
[TimeControl "180+2"]
[EndTime "13:49:05 PST"]
[Termination "AsaHoffmann won by resignation"]

1. d4 Nf6 2. c4 c5 3. d5 e5 4. Nc3 d6 5. e4 Be7 6. g3 O-O 7. Bg2 Na6 8. Nge2 Ne8 9. O-O Bd7 10. a4 Nb4 11. Be3 Bg5 12. f4 exf4 13. gxf4 Bh6 14. Qd2 Qe7 15. Ng3 g6 16. Rac1 a6 17. a5 Rb8 18. f5 Bxe3+ 19. Qxe3 f6 20. h4 Qg7 21. fxg6 hxg6 22. Qf3 Qh6 23. h5 b6 24. axb6 Rxb6 25. hxg6 Qxg6 26. Qe3 Ng7 27. Rf4 Qg5 28. Rf3 Qxe3+ 29.
Rxe3 Re8 30. Kf2 f5 31. exf5 Rxe3 32. Kxe3 Bxf5 33. Nxf5 Nxf5+ 34. Kd2 Nd4 35. Be4 Nb3+ 36. Kd1 Nxc1 37. Kxc1 a5 38. Nb5 Kg7 39. Kd2 Kf6 40.
Kc3 Ke5 41. Bh7 Nxd5+ 42. cxd5 Rxb5 43. Bd3 Rb4 44. Bc4 a4 45. Ba2 Rh4 46. Bc4 Rxc4+ 47. Kxc4 Ke4 48. Kb5 Kxd5 49. Kxa4 Kc4 50. b3+ Kc3 0-1

[Event "*** Titled Tuesday Blitz"]
[Site "Chess.com"]
[Date "2018.12.04"]
[Round "4"]
[White "Alex_Terzi"]
[Black "rasmussvane"]
[Result "0-1"]
[WhiteElo "2462"]
[BlackElo "2685"]
[TimeControl "180+2"]
[EndTime "13:49:06 PST"]
[Termination "rasmussvane won by resignation"]

1. e4 c6 2. d4 d5 3. Nc3 dxe4 4.
Nxe4 Nf6 5. Nxf6+ exf6 6. Nf3 Bd6 7. Bc4 O-O 8. O-O Re8 9. c3 Bg4 10. Qd3 Nd7 11. h3 Bh5 12. Nh4 Nf8 13. Bb3 Bc7 14.
Nf3 Qd6 15. g3 Bg6 16. Qd1 Qd7 17. Kh2 Be4 18. Bc2 Ng6 19. Bxe4 Rxe4 20. Qd3 Rae8 21. Bd2 h5 22. Rae1 f5 23. Ng5 Rxe1 24. Rxe1 Rxe1 25.
Bxe1 h4 26. Nf3 Qe6 27. Kg2 hxg3 28. fxg3 Qxa2 29. Qxf5 Qxb2+ 30. Bf2 Bd6 31. Ng5 Qa2 32. Qc8+ Nf8 33. Qxb7 Qd5+ 34. Nf3 a5 35. Qa6 Qb5 36. Qa8 a4 37. Nd2 a3 38. c4 Qb2 39. Ne4 a2 40.
Nxd6 a1=Q 41. Qe8 Qxf2+ 42. Kxf2 Qxd4+ 0-1

[Event "*** Titled Tuesday Blitz"]
[Site "Chess.com"]
[Date "2018.12.04"]
[Round "4"]
[White "orrbaverlekszarnyon"]
[Black "NemtsevIgor"]
[Result "1-0"]
[WhiteElo "2233"]
[BlackElo "2341"]
[TimeControl "180+2"]
[EndTime "13:49:10 PST"]
[Termination "orrbaverlekszarnyon won by checkmate"]

1. e4 c6 2. d3 d5 3. Be2 e5 4.
Nf3 Bd6 5. O-O Nf6 6. d4 Nxe4 7. dxe5 Bc5 8. Bd3 O-O 9. Nbd2 Bf5 10.
Qe2 Nxd2 11. Bxf5 Nxf3+ 12. Qxf3 Nd7 13. Qh3 g6 14. Bxd7 Qe7 15. e6 f5 16. Qh6 Qf6 17.
Bg5 Qxb2 18. e7 Rfe8 19. Bxe8 Rxe8 20. Rab1 Bxf2+ 21. Kh1 Qxc2 22. Bf6 Kf7 23. Qg7+ Ke6 24. Bd4 Bh4 25. Qe5+ Kf7 26. Rxb7 Qd3 27. Rbb1 Rxe7 28. Qg7+ Ke8 29. Qh8+ Kd7 30. Rb7+ Kd6 31. Qb8+ Ke6 32. Qe5+ Kf7 33. Rxe7+ Bxe7 34. Re1 Bb4 35. Qg7# 1-0

[Event "*** Titled Tuesday Blitz"]
[Site "Chess.com"]
[Date "2018.12.04"]
[Round "4"]
[White "martinique24"]
[Black "toog"]
[Result "1-0"]
[WhiteElo "2407"]
[BlackElo "2193"]
[TimeControl "180+2"]
[EndTime "13:49:15 PST"]
[Termination "martinique24 won by resignation"]

1. e4 c5 2. Nf3 d6 3. d4 cxd4 4. Nxd4 Nf6 5. Nc3 a6 6. Be3 e6 7. f3 Nbd7 8. Qd2 b5 9. O-O-O Bb7 10. g4 h6 11. h4 b4 12. Na4 d5 13. Bh3 dxe4 14. g5 Nd5 15. fxe4 Nxe3 16. Qxe3 g6 17. Nxe6 fxe6 18. Bxe6 Bc6 19. Nb6 Ra7 20. Nd5 Rb7 21.
Rhf1 Ne5 22. Nf6+ Qxf6 23. gxf6 Bb5 24. f7+ Nxf7 25. Bxf7+ Rxf7 26. Rxf7 Kxf7 27. e5 h5 28. e6+ Ke8 29. Qa7 Bh6+ 30. Kb1 Rf8 31. e7 Rf1 32. Qb8+ Kxe7 33. Qd6+ Ke8 34. Qxg6+ Ke7 35. Rxf1 Bxf1 36. Qxh6 1-0

[Event "*** Titled Tuesday Blitz"]
[Site "Chess.com"]
[Date "2018.12.04"]
[Round "4"]
[White "FMJoseHerrera"]
[Black "DiogenesSinopeus"]
[Result "1-0"]
[WhiteElo "2549"]
[BlackElo "2423"]
[TimeControl "180+2"]
[EndTime "13:49:18 PST"]
[Termination "FMJoseHerrera won by resignation"]

1. Nf3 Nf6 2. g3 d5 3. Bg2 Bf5 4. O-O e6 5. d3 h6 6. c3 c6 7. Qb3 Qb6 8. Be3 Qxb3 9. axb3 a6 10.
b4 Nbd7 11. Nbd2 Ng4 12. Nb3 Nxe3 13. fxe3 Bd6 14. Na5 O-O-O 15. Nd4 Bg6 16. Nab3 Ne5 17. Bh3 Kb8 18. Nc5 h5 19. b3 Ng4 20. Nc2 Kc7 21. c4 Rdf8 22. Rf3 Ne5 23. Rff1 h4 24. g4 Re8 25. Nd4 Be7 26. Rf2 Bg5 27. Nc2 dxc4 28.
bxc4 Nxc4 29. dxc4 Bxc2 30. Rxf7+ Kc8 31. Nxb7 Bxe3+ 32. Kh1 Ref8 33. Nd6+ Kb8 34. Rb7+ 1-0

[Event "*** Titled Tuesday Blitz"]
[Site "Chess.com"]
[Date "2018.12.04"]
[Round "4"]
[White "kacprekt"]
[Black "abubakrtagelsir"]
[Result "0-1"]
[WhiteElo "2392"]
[BlackElo "2305"]
[TimeControl "180+2"]
[EndTime "13:49:22 PST"]
[Termination "abubakrtagelsir won by resignation"]

1. d4 d5 2. c4 c6 3. Nc3 Nf6 4. Nf3 dxc4 5. a4 Bf5 6. Nh4 Bd7 7. e4 e6 8. Nf3 b5 9. axb5 cxb5 10. d5 Bb4 11. Bg5 h6 12. Bxf6 Qxf6 13. e5 Qg6 14.
d6 O-O 15. Be2 Qxg2 16. Rg1 Qh3 17. Qc2 Nc6 18. Rg3 Qh5 19. Ng5 Qg6 20. Ne4 Nd4 21. Qd1 Qxe4 22. Kf1 Bxc3 23. bxc3 Qxe2+ 24. Qxe2 Nxe2 25. Kxe2 f6 26. Rag1 g5 27. h4 fxe5 28. hxg5 h5 29. Rh3 Be8 30. d7 Bg6 31. Re3 e4 32. Rd1 Rad8 33. Rd6 Bf5 0-1

[Event "*** Titled Tuesday Blitz"]
[Site "Chess.com"]
[Date "2018.12.04"]
[Round "4"]
[White "WPWPWP-2015"]
[Black "iaraldinho"]
[Result "0-1"]
[WhiteElo "2276"]
[BlackElo "2498"]
[TimeControl "180+2"]
[EndTime "13:49:27 PST"]
[Termination "iaraldinho won by resignation"]

1. e4 c5 2. Nf3 a6 3. b3 d5 4.
exd5 Qxd5 5. Bb2 Nc6 6. Nc3 Qd6 7. g3 Nf6 8. Bg2 Bg4 9. h3 Bh5 10. g4 Bg6 11. O-O e6 12. d3 Be7 13. Qe2 O-O 14.
Ne4 Nxe4 15. dxe4 Rad8 16. e5 Qc7 17. a3 Nd4 18. Nxd4 cxd4 19. Rac1 Rc8 20. Kh1 Bxc2 21. f4 d3 22. Qd2 Qb6 23. f5 Bc5 24. Rce1 exf5 25. gxf5 Qh6 26. Rf4 f6 27. exf6 Rxf6 28. Bxf6 Qxf6 29. Bxb7 Rd8 30. Rc4 Qxf5 31. Bg2 Qf2 32.
Rxc2 Qxe1+ 33. Qxe1 dxc2 34. Bf3 Bxa3 35. Qe6+ Kh8 36.
Qb6 c1=Q+ 37. Kg2 Qd2+ 38. Kg3 Qd6+ 0-1